 Dungeon Crawl Stone Soup version 0.21-a0-380-gd65dc97 (webtiles) character file.

550 EvilAshe the Sneak (level 7, -1/55 HPs)
             Began as a Naga Enchanter on Oct 18, 2017.
             Slain by a bullfrog skeleton (5 damage)
             ... on level 4 of the Dungeon.
             The game lasted 00:16:26 (4126 turns).

EvilAshe the Sneak (Naga Enchanter)                 Turns: 4126, Time: 00:16:27

Health: -1/55      AC:  5    Str: 10    XL:     7   Next: 29%
Magic:  1/10       EV:  9    Int: 16    God:
Gold:   168        SH:  0    Dex: 13    Spells: 4/10 levels left

rFire    . . .     SeeInvis +   a - +1 dagger
rCold    . . .     Gourm    .   (no shield)
rNeg     . . .     Faith    .   k - +0 leather armour
rPois    +         Spirit   .   (no helmet)
rElec    .         Reflect  .   n - +0 cloak {+Inv}
rCorr    .         Harm     .   e - +0 pair of gloves
MR       .....                  (no barding)
Stlth    +++.......             h - amulet of rage
HPRegen  0.18/turn              j - ring of wizardry
MPRegen  0.12/turn              (no ring)

@: very slow
A: see invisible, deformed body, poison resistance, slowness 2, slow metabolism
1, spit poison 1, AC +2
a: Spit Poison, Evoke Berserk Rage, Evoke Invisibility


You were on level 4 of the Dungeon.
You were not hungry.

You visited 1 branch of the dungeon, and saw 4 of its levels.

You collected 168 gold pieces.

Inventory:

Hand Weapons
 a - a +1 dagger (weapon)
Armour
 e - a +0 pair of gloves (worn)
 k - a +0 leather armour (worn)
 n - a +0 cloak of invisibility (worn)
Jewellery
 h - an amulet of rage (around neck)
 j - a ring of wizardry (left hand)
Scrolls
 b - a scroll of remove curse
 m - 2 scrolls of identify
 o - a scroll of fog {unknown}
 q - a scroll of fear {unknown}
 r - 2 scrolls of teleportation {unknown}
Potions
 f - 2 potions of heal wounds
 g - 4 potions of magic
 i - a potion of flight {unknown}
 s - a potion of brilliance {unknown}
Books
 c - a book of Maledictions

   Spells                             Type                      Level
   a - Corona                         Hexes                        1
   b - Ensorcelled Hibernation        Hexes/Ice                    2
   c - Confuse                        Hexes                        3
   d - Tukima's Dance                 Hexes                        3
   e - Dazzling Spray                 Conjuration/Hexes            3
Comestibles
 d - 2 bread rations
 l - 2 meat rations
 p - 4 chunks of flesh


   Skills:
 + Level 3.5 Short Blades
 - Level 1.5 Dodging
 + Level 7.0 Stealth
 - Level 2.0 Spellcasting
 * Level 5.8 Hexes
 + Level 2.2 Evocations


You had 4 spell levels left.
You knew the following spells:

 Your Spells              Type           Power        Failure   Level  Hunger
a - Corona                Hex            ###....      1%          1    #......
c - Confuse               Hex            ###.....     3%          3    ###....
z - Ensorcelled Hibernat  Hex/Ice        ##....       5%          2    ###....


Dungeon Overview and Level Annotations

Branches:
Dungeon (4/15)
 Temple: D:4-7

Altars:
Elyvilon
Fedhas
Nemelex Xobeh
Sif Muna
Trog
Yredelemnul
Zin
The Shining One


Innate Abilities, Weirdness & Mutations

You cannot wear boots.
Your serpentine skin is tough. (AC +2)
You have supernaturally acute eyesight. (SInv)
Armour fits poorly on your strangely shaped body.
Your system is resistant to poisons. (rPois)
You cover ground very slowly.
You have a slow metabolism.
You can spit poison.


Message History

You have got your breath back.
The gnoll hits you from afar with a halberd.
* * * LOW HITPOINT WARNING * * *
A bullfrog skeleton comes into view.
Casting: Ensorcelled Hibernation
Confirm with . or Enter, or press ? or * to list all spells.
Aiming: Ensorcelled Hibernation
Press: ? - help, Shift-Dir - straight line, f/p - gnoll
Aim: a gnoll, wielding a halberd (severely wounded, poisoned, chance to defeat MR: 50%)
The gnoll looks drowsy...
The gnoll looks more healthy.
An orc comes into view. It is wielding a war axe.
The bullfrog skeleton barely misses you.
Your magical contamination has completely faded away.
The bullfrog skeleton hits you.
* * * LOW HITPOINT WARNING * * *
The bullfrog skeleton hits you.
* * * LOW HITPOINT WARNING * * *
The bullfrog skeleton closely misses you.
The bullfrog skeleton hits you.
You die...

. ### ... ####### ...
...#######..)..# ...
#..............@#8#.# ...
#..............Z#.#.# .....
##...........(...#.#.# #.....
.................#.#.# #.....
#...............#>#.## #.....
+......#####..#.#_#..# #.....
#.....##._.##.#.###..# #.....
#......##)##.........######.....
#.........g...............'.....


You could see a bullfrog skeleton.

Vanquished Creatures
  A phantom (D:4)
  An ice beast (D:3)
  A howler monkey (D:4)
  A hound (D:3)
  An orc priest (D:3)
  Crazy Yiuf (D:3)
  A worker ant (D:2)
  2 orc wizards (D:3)
  2 gnolls (D:4)
  5 adders
  An ooze (D:1)
  6 worms
  A leopard gecko (D:1)
  14 orcs
  2 ball pythons (D:3)
  3 giant cockroaches
  8 goblins
  6 hobgoblins
  2 jackals (D:4)
  6 kobolds
  3 quokkas (D:3)
  5 bats
  4 frilled lizards
  2 rats
79 creatures vanquished.

Notes
Turn   | Place    | Note
-------+----------+-------------------------------------------
     0 | D:1      | EvilAshe the Naga Enchanter began the quest for the Orb.
     0 | D:1      | Reached XP level 1. HP: 15/15 MP: 3/3
   260 | D:1      | Reached XP level 2. HP: 22/22 MP: 5/5
   368 | D:1      | Learned a level 2 spell: Ensorcelled Hibernation
  1027 | D:2      | Found a basalt altar of Yredelemnul.
  1064 | D:2      | Reached XP level 3. HP: 24/28 MP: 3/6
  1068 | D:2      | Reached skill level 5 in Stealth
  1265 | D:2      | Learned a level 3 spell: Confuse
  1552 | D:2      | Found a blossoming altar of Fedhas.
  1553 | D:2      | Found a deep blue altar of Sif Muna.
  1578 | D:2      | Found a white marble altar of Elyvilon.
  1578 | D:2      | Found a glowing golden altar of the Shining One.
  1578 | D:2      | Found a sparkling altar of Nemelex Xobeh.
  1749 | D:2      | Reached XP level 4. HP: 36/36 MP: 7/7
  2214 | D:3      | Found a runed door.
  2218 | D:3      | Noticed Crazy Yiuf
  2222 | D:3      | Killed Crazy Yiuf
  2222 | D:3      | Reached XP level 5. HP: 42/42 MP: 8/8
  2625 | D:3      | Reached skill level 6 in Stealth
  2812 | D:3      | Noticed an ice beast
  2814 | D:3      | Reached skill level 1 in Evocations
  2827 | D:3      | Killed an ice beast
  2827 | D:3      | Reached skill level 5 in Hexes
  2827 | D:3      | Reached XP level 6. HP: 30/49 MP: 5/9
  3710 | D:4      | Noticed a phantom
  3792 | D:4      | Reached XP level 7. HP: 52/55 MP: 5/10
  3887 | D:4      | Found a bloodstained altar of Trog.
  3894 | D:4      | Reached skill level 7 in Stealth
  4098 | D:4      | Found a glowing silver altar of Zin.
  4126 | D:4      | Slain by a bullfrog skeleton

Vault maps used:
D:1:      dpeg_arrival_connections
D:2:      yredelemnul_altar_generic, grunt_temple_overflow_open
D:3:      uniq_crazy_yiuf_cottage
D:4:      cheibrodos_old_hovel, tgw_trog, zin_statuary, lemuel_statue_altar

Skill      XL: |  1  2  3  4  5  6  7 |
---------------+----------------------+-----
Stealth        | 5 6 7 |  7.0
Short Blades   | 2 3 |  3.5
Hexes          | 4 5 |  5.8
Evocations     | 1 2 |  2.2
Dodging        | |  1.5
Spellcasting   | |  2.0

Action                   |  1- 3 |  4- 6 |  7- 9 || total
-------------------------+-------+-------+-------++-------
Melee: Dagger            |    74 |   105 |    27 ||   206
 Cast: Ensorcelled Hiber |    10 |    41 |     9 ||    60
       Corona            |     1 |       |       ||     1
       Confuse           |       |     1 |     3 ||     4
 Abil: Spit Poison       |     8 |     1 |     1 ||    10
  Use: Scroll            |       |     4 |       ||     4
 Stab: Sleeping          |    11 |    29 |     5 ||    45
       Confused          |       |     3 |     1 ||     4
  Eat: Chunk             |     3 |     8 |     2 ||    13
Armor: Leather armour    |    18 |    27 |     6 ||    51
Dodge: Dodged            |    40 |    41 |    25 ||   106

Table legend:
 A = Spawn XP
 B = Non-spawn XP
 C = Spawn XP percentage of total XP
 D = Spawn monster count
 E = Non-spawn monster count
 F = Spawn count percentage of total count
 G = Total turns spent on level
                    A         B        C        D         E        F      G
               +---------+---------+-------+---------+---------+-------+---------
         Total |       0 |     787 |   0.0 |       0 |      79 |   0.0 |  4126
               +---------+---------+-------+---------+---------+-------+---------
           D:1 |       0 |      31 |   0.0 |       0 |      14 |   0.0 |  1027
           D:2 |       0 |      92 |   0.0 |       0 |      17 |   0.0 |   951
           D:3 |       0 |     406 |   0.0 |       0 |      36 |   0.0 |  1643
           D:4 |       0 |     258 |   0.0 |       0 |      12 |   0.0 |   505
               +---------+---------+-------+---------+---------+-------+---------
